 Dungeon Crawl Stone Soup version 0.31.0-9-g3a7656b989 (webtiles) character file.

Game seed: 5085164010406349862

954 qw the Skirmisher (level 7, -6/38 HPs)
             Began as a Spriggan Hunter on Feb 2, 2024.
             Mangled by Prince Ribbit (18 damage)
             ... on level 6 of the Dungeon.
             The game lasted 00:00:20 (4180 turns).

qw the Skirmisher (Spriggan Hunter)                 Turns: 4180, Time: 00:00:21

Health: -6/38      AC:  2    Str:  6 (7)  XL:     7   Next: 91%
Magic:  8/8        EV: 22    Int: 11      God:
Gold:   270        SH:  0    Dex: 19 (20) Spells: 6/6 levels left

rFire   . . .        a - +0 shortbow (flame)
rCold   + . .        (shield currently unavailable)
rNeg    . . .        c - +0 robe
rPois   .            (helmet restricted)
rElec   .            (no cloak)
rCorr   .            (gloves unavailable)
SInv    +            (boots unavailable)
Will    +....        d - amulet of regeneration
Stlth   ++           l - ring of protection from cold
HPRegen 1.06/turn    (no ring)
MPRegen 0.11/turn

%: clarity
@: very quick
A: very small, no large weapons, unfitting armour, see invisible, speed 3,
clarity, deterioration 1, robust 1
a: no special abilities


You were on level 6 of the Dungeon.
You visited 1 branch of the dungeon, and saw 6 of its levels.
You also visited: Sewer.

You collected 270 gold pieces.


Innate Abilities, Weirdness & Mutations

You are very small and have problems with some larger weapons.
You are too small for most types of armour.
You have supernaturally acute eyesight. (SInv)
You cover ground extremely quickly. (Speed+++)
You possess an exceptional clarity of mind.
Your body sometimes deteriorates upon taking damage.
You are robust. (+10% HP)


   Skills:
 + Level 2.8 Fighting
 - Level 8.1 Ranged Weapons
 - Level 7.1 Dodging
 - Level 1.5 Stealth


You had 6 spell levels left.
You didn't know any spells.
Your spell library was empty.

Inventory:

Hand Weapons
 a - a +0 shortbow of flaming (weapon)
Armour
 c - a +0 robe (worn)
Jewellery
 d - an amulet of regeneration (around neck)
 l - a ring of protection from cold (left hand)
Wands
 k - a wand of flame (11)
Potions
 b - 2 potions of curing
 g - a potion of mutation
 h - 2 potions of resistance
 i - 2 potions of might
 j - a potion of enlightenment {unknown}
 o - a potion of brilliance {unknown}
 p - a potion of magic {unknown}
 q - a potion of invisibility {unknown}

Dungeon Overview and Level Annotations

Branches:
Dungeon (6/15)              Sewer (visited)
 Temple: D:4-7

Altars:
Cheibriados
Makhleb
Wu Jian

Annotations:
D:6 Prince Ribbit


Message History

The arrow hits the gnoll but does no damage.
The gnoll is heavily wounded.
The gnoll hits you with a +0 club.
You shoot an arrow. The arrow hits the gnoll!
The arrow burns the gnoll.
You kill the gnoll!
You shoot an arrow. The arrow hits Prince Ribbit.
The arrow burns Prince Ribbit.
Prince Ribbit is lightly wounded.
Prince Ribbit hits you!
Your body deteriorates!
You feel weakened.
You shoot an arrow. The arrow closely misses Prince Ribbit.
The arrow barely misses the gnoll.
Prince Ribbit barely misses you.
You shoot an arrow. The arrow closely misses Prince Ribbit.
The arrow barely misses the gnoll.
Prince Ribbit barely misses you.
You shoot an arrow. The arrow closely misses Prince Ribbit.
The arrow hits the gnoll.
The arrow burns the gnoll.
The gnoll is lightly wounded.
Prince Ribbit blinks!
4173 ||| FLEEEEING.
You feel yourself slow down.
4174 ||| FLEEEEING.
4175 ||| FLEEEEING.
Prince Ribbit blinks!
You shoot an arrow. The arrow hits Prince Ribbit.
The arrow burns Prince Ribbit.
Prince Ribbit is lightly wounded.
Prince Ribbit hits you!
You shoot an arrow. The arrow hits Prince Ribbit.
The arrow burns Prince Ribbit.
Prince Ribbit is moderately wounded.
Prince Ribbit completely misses you. Prince Ribbit hits you!
You shoot an arrow. The arrow closely misses Prince Ribbit.
Prince Ribbit closely misses you. The gnoll misses you.
You shoot an arrow. The arrow barely misses Prince Ribbit.
Prince Ribbit closely misses you. The gnoll completely misses you.
You shoot an arrow.
The arrow hits Prince Ribbit but does no damage.
Prince Ribbit is moderately wounded.
Prince Ribbit barely misses you. The gnoll completely misses you.
Prince Ribbit hits you!!
You die...

.$... #..#
########)#
........)#
.#######$#
#.# #.#
#g# #@#
#F# #.##
#..# ##.#
#.#
########<#
.........#
.#.#######


You could see Prince Ribbit and a gnoll.

Vanquished Creatures
  A phantom (D:5)
  A gnoll sergeant (D:6)
  2 scorpions
  2 hounds
  3 orc priests
  A gnoll bouda (D:5)
  An iguana (D:5)
  2 sleepcaps
  2 orc wizards (D:6)
  11 gnolls
  6 adders
  7 river rats
  4 ribbon worms
  2 dart slugs
  19 orcs
  2 bats (D:1)
  7 endoplasms
  3 giant cockroaches
  5 goblins
  7 hobgoblins
  11 jackals
  17 kobolds
  5 quokkas
  11 ball pythons
  6 frilled lizards
  25 rats
163 creatures vanquished.

Notes
Turn   | Place    | Note
-------+----------+-------------------------------------------
     0 | D:1      | qw the Spriggan Hunter began the quest for the Orb.
     0 | D:1      | Reached XP level 1. HP: 10/10 MP: 2/2
     0 | D:1      | 0 ||| qw: Version: 0.3-a-155-g5e7d8dd
     0 | D:1      | 0 ||| qw: Game counter: 2480
     0 | D:1      | 0 ||| qw: Melee chars always use a shield: true
     0 | D:1      | 0 ||| qw: God list: Okawaru
     0 | D:1      | 0 ||| qw: Allow faded altars: false
     0 | D:1      | 0 ||| qw: Do Orc after clearing Dungeon:15 true
     0 | D:1      | 0 ||| qw: Do second Lair branch before Depths: true
     0 | D:1      | 0 ||| qw: Lair rune preference: random
     0 | D:1      | 0 ||| qw: Goals: Normal
     0 | D:1      | 0 ||| PLANNING D:1-11
    61 | D:1      | Reached skill level 3 in Dodging
   303 | D:1      | Reached XP level 2. HP: 14/14 MP: 3/3
   455 | D:1      | Found a faded altar of an unknown god.
   952 | D:1      | 952 ||| UPGRADING to amulet of regeneration.
   957 | D:1      | 957 ||| READING scroll labelled QIRUIR ZAVE.
   957 | D:1      | 957 ||| BRANDING +0 shortbow.
   958 | D:1      | 958 ||| READING scroll labelled WAXTID HAEROXI.
   959 | D:1      | 959 ||| READING scroll labelled FOEVVU AP BOEMAY.
   959 | D:1      | 959 ||| IDENTIFYING bubbling yellow potion
   960 | D:1      | 960 ||| READING scroll labelled JIYSKU ZOHOABI.
   961 | D:1      | 961 ||| DROPPING scroll of butterflies.
   963 | D:1      | 963 ||| Stepping ~*~*~tactically~*~*~ (cloud).
   966 | D:1      | HP: 3/14 [poisoned by you (poison gas)]
   971 | D:1      | HP: 3/14 [poisoned by you (poison gas)]
  1003 | D:2      | Reached XP level 3. HP: 18/18 MP: 4/4
  1006 | D:2      | 1006 ||| STAIRDANCE
  1011 | D:2      | 1011 ||| STAIRDANCE
  1356 | D:2      | Reached skill level 5 in Ranged Weapons
  1376 | D:2      | 1376 ||| READING scroll labelled WIXANA MISCHO.
  1380 | D:2      | 1380 ||| READING scroll labelled YJYSOUCEAPS.
  1381 | D:2      | 1381 ||| READING scroll labelled JIYMEUR BYCW.
  1482 | D:2      | 1482 ||| DRINKING 2 blue potions.
  1483 | D:2      | 1483 ||| DROPPING potion of degeneration.
  1504 | D:3      | 1504 ||| PLANNING SEWER
  1512 | D:3      | Reached XP level 4. HP: 22/22 MP: 5/5
  1621 | D:3      | Found a burning altar of Makhleb.
  1980 | D:3      | Found a glowing drain.
  1981 | D:3      | 1981 ||| UPGRADING to ring of protection from cold.
  1982 | D:3      | 1982 ||| DRINKING 2 red potions.
  1983 | D:3      | 1983 ||| DRINKING 2 fuming pink potions.
  1987 | Sewer    | Entered a sewer
  2080 | Sewer    | Reached XP level 5. HP: 26/26 MP: 6/6
  2507 | Sewer    | 2507 ||| READING scroll of identify.
  2507 | Sewer    | 2507 ||| IDENTIFYING black potion
  2508 | Sewer    | 2508 ||| READING scroll labelled MIBEOCV UDIC.
  2508 | Sewer    | 2508 ||| ENCHANTING +0 shortbow of flaming.
  2509 | Sewer    | 2509 ||| DRINKING 2 clear potions.
  2542 | D:3      | 2542 ||| PLANNING D:1-11
  2610 | D:4      | Reached skill level 6 in Ranged Weapons
  2728 | D:4      | Found an ornate altar of the Wu Jian Council.
  2773 | D:4      | Reached XP level 6. HP: 30/30 MP: 7/7
  2809 | D:4      | Noticed a torpor snail
  2812 | D:4      | Found a snail-covered altar of Cheibriados.
  2812 | D:4      | Noticed a torpor snail
  2812 | D:4      | Noticed a torpor snail
  2971 | D:4      | HP: 7/30 [gnoll/+0 club (5)]
  2972 | D:4      | 2972 ||| DRINKING 2 potions of heal wounds.
  2974 | D:4      | Reached skill level 6 in Dodging
  3404 | D:4      | 3404 ||| DROPPING amulet of the acrobat.
  3405 | D:4      | 3405 ||| DROPPING amulet of magic regeneration.
  3431 | D:5      | Entered Level 5 of the Dungeon
  3482 | D:5      | Reached skill level 7 in Ranged Weapons
  3482 | D:5      | Reached XP level 7. HP: 35/35 MP: 8/8
  4082 | D:5      | 4082 ||| READING scroll of identify.
  4082 | D:5      | 4082 ||| IDENTIFYING sedimented sapphire potion
  4083 | D:5      | 4083 ||| DRINKING 2 murky golden potions.
  4083 | D:5      | Gained mutation: You are robust. (+10% HP) [potion of
                  | mutation]
  4083 | D:5      | Gained mutation: Your body sometimes deteriorates upon
                  | taking damage. [potion of mutation]
  4083 | D:5      | Gained mutation: You possess an exceptional clarity of
                  | mind. [potion of mutation]
  4086 | D:5      | 4086 ||| DROPPING potion of lignification.
  4128 | D:6      | 4128 ||| RETREEEEATING.
  4130 | D:6      | 4130 ||| RETREEEEATING.
  4132 | D:6      | 4132 ||| RETREEEEATING.
  4133 | D:6      | 4133 ||| RETREEEEATING.
  4135 | D:6      | 4135 ||| RETREEEEATING.
  4135 | D:6      | Noticed Prince Ribbit
  4136 | D:6      | 4136 ||| DRINKING potion of haste.
  4148 | D:6      | HP: 4/38 [gnoll sergeant/+0 spear (6)]
  4149 | D:6      | 4149 ||| DRINKING potion of heal wounds.
  4153 | D:6      | Reached skill level 8 in Ranged Weapons
  4173 | D:6      | 4173 ||| FLEEEEING.
  4174 | D:6      | 4174 ||| FLEEEEING.
  4175 | D:6      | 4175 ||| FLEEEEING.
  4177 | D:6      | HP: 9/38 [Prince Ribbit (12)]
  4180 | D:6      | Mangled by Prince Ribbit

Levels and vault maps discovered:
D:1:      dpeg_arrival_windows_large_door, layout_basic,
          shapermc_ecumenical_altar_mp_urbaneastern
D:2:      cheibrodos_greedy_goblins, layout_rooms
D:3:      layout_rooms, bloody_makhleb, gup_sewer_entry_bowl,
          kennysheep_cross_bottleneck, minmay_misc_feat_rows
D:4:      layout_loops_corners, mainiacjoe_overflow_six_doors_small,
          cheibriados_altar_2
D:5:      layout_loops_ring
D:6:      layout_loops_cross, minmay_temple_entry_offerings,
          kennysheep_generic_room_4, uniq_prince_ribbit1, uniq_eustachio

Skill      XL: |  1  2  3  4  5  6  7 |
---------------+----------------------+-----
Dodging        | 3 4 5 6 7 |  7.1
Ranged Weapons | 5 6 7 8 |  8.1
Fighting       | 2 |  2.8
Stealth        | |  1.5

Action                     |  1- 3 |  4- 6 |  7- 9 || total
---------------------------+-------+-------+-------++-------
   Fire: Shortbow          |   110 |   236 |   130 ||   476
    Use: Scroll            |     7 |     2 |     1 ||    10
         Potion            |     1 |     4 |     3 ||     8
 Armour: Robe              |     5 |    35 |    32 ||    72
  Dodge: Dodged            |    27 |   105 |    85 ||   217

Table legend:
 A = Non-vault XP
 B = Vault XP
 C = Vault XP percentage of total XP
 D = Non-vault monster count
 E = Vault monster count
 F = Vault count percentage of total count
                 A         B        C        D         E       F
            +---------+---------+-------+---------+---------+-------
      Total |    1177 |     187 |  13.7 |     107 |      56 |  34.4
            +---------+---------+-------+---------+---------+-------
        D:1 |      41 |       0 |   0.0 |      23 |       0 |   0.0
        D:2 |      37 |      14 |  27.5 |      16 |       7 |  30.4
        D:3 |      45 |      22 |  32.8 |      13 |       4 |  23.5
        D:4 |     321 |       0 |   0.0 |      25 |       0 |   0.0
        D:5 |     440 |       0 |   0.0 |      20 |       0 |   0.0
        D:6 |     293 |       0 |   0.0 |      10 |       0 |   0.0
      Sewer |       0 |     151 | 100.0 |       0 |      45 | 100.0
            +---------+---------+-------+---------+---------+-------
